 Dungeon Crawl Stone Soup version 0.28.0-49-g6dfe1f597d (webtiles) character file.

Game seed: 13858780299226951721

494 101zpm the Magician (level 7, -5/45 HPs)
             Began as a Djinni Fire Elementalist on May 15, 2022.
             Slain by a scorpion (8 damage)
             ... on level 5 of the Dungeon.
             The game lasted 00:05:59 (5770 turns).

101zpm the Magician (Djinni Fire Elementalist)      Turns: 5770, Time: 00:06:00

Health: -5/45      AC:  2    Str:  7    XL:     7   Next: 38%
Gold:   65         EV: 12    Int: 19    God:
                   SH:  0    Dex: 13

rFire   + + +      SeeInvis .   (no weapon)
rCold   x . .      Faith    .   (no shield)
rNeg    . . .      Spirit   .   a - +0 robe
rPois   ∞          Reflect  .   (no helmet)
rElec   .          Harm     .   (no cloak)
rCorr   .          Rampage  .   (no gloves)
Will    .....                   (boots unavailable)
Stlth   ++........              (no amulet)
HPRegen 0.15/turn               e - ring of protection from fire
MPRegen 0.00/turn               (no ring)

@: flying
A: sickness immunity, fire resistance 2, cold vulnerability 1, float, innate
caster, HP casting, extra vitality 1
a: no special abilities


You were on level 5 of the Dungeon.
You visited 1 branch of the dungeon, and saw 5 of its levels.

You collected 65 gold pieces.

Inventory:

Missiles
 g - 118 stones
Armour
 a - a +0 robe (worn)
Jewellery
 e - a ring of protection from fire (left hand)
 l - a ring of willpower
 s - a ring of protection from fire
 u - a ring of wizardry
Wands
 p - a wand of flame (25)
 x - a wand of paralysis (5)
 y - a wand of iceblast (12)
Scrolls
 d - a scroll of noise {unknown}
 h - 3 scrolls of teleportation {unknown}
 i - a scroll of fear {unknown}
 j - a scroll of holy word {unknown}
 k - a scroll of amnesia {unknown}
 m - a scroll of fog {unknown}
 n - a scroll of immolation {unknown}
 t - a scroll of summoning {unknown}
 w - a scroll of identify {unknown}
 z - a scroll of enchant weapon {unknown}
Potions
 b - 3 potions of heal wounds {unknown}
 c - a potion of brilliance {unknown}
 f - 3 potions of berserk rage {unknown}
 o - a potion of ambrosia {unknown}
 q - 2 potions of lignification {unknown}
 r - a potion of haste {unknown}
 v - a potion of curing {unknown}


   Skills:
 + Level 2.7 Dodging
 + Level 2.9 Stealth
 + Level 5.5 Spellcasting


You couldn't memorise any spells.
You knew the following spells:

 Your Spells              Type           Power      Damage    Failure   Level
a - Foxfire               Conj/Fire      100%       2x1d9     1%          1
b - Scorch                Fire           52%        2d8       1%          2
c - Conjure Flame         Conj/Fire      26%        6-21      3%          3
d - Inner Flame           Hex/Fire       26%        N/A       3%          3
e - Flame Wave            Conj/Fire      26%        2d7       12%         4
f - Animate Skeleton      Necr           52%        N/A       1%          1
g - Ensorcelled Hibernat  Hex/Ice        52%        N/A       1%          2
h - Lesser Beckoning      Tloc           26%        N/A       3%          3
Your spell library was empty.

Dungeon Overview and Level Annotations

Branches:
Dungeon (5/15)
 Temple: D:4-7

Altars:


Innate Abilities, Weirdness & Mutations

You are immune to sickness and miasma.
You are immune to poison.
Your flesh is very heat resistant. (rF++)
You are vulnerable to cold. (rC-)
You float through the air rather than walking.
You learn spells naturally, not from books.
Your magical power is your life essence.
You have superior vitality. (+4 MHP)


Message History

The foxfire hits the iguana but does no damage.
The iguana is almost dead.
The centaur skeleton hits you.
The centaur skeleton kicks you but does no damage.
The scorpion completely misses you.
Casting: Scorch (safe; 1% risk of failure)
Confirm with . or Enter, or press ? or * to list all spells.
Flames lash the centaur skeleton.
The centaur skeleton is burned terribly!
You destroy the centaur skeleton!
The iguana closely misses you. The scorpion barely misses you.
Unknown command.
Casting: Scorch (safe; 1% risk of failure)
Confirm with . or Enter, or press ? or * to list all spells.
Flames lash the scorpion.
The scorpion is moderately wounded.
The scorpion's fire resistance burns away.
The iguana bites you. The scorpion closely misses you.
Unknown command.
Casting: Scorch (safe; 1% risk of failure)
Confirm with . or Enter, or press ? or * to list all spells.
Flames lash the iguana.
The iguana is burned terribly!
You kill the iguana!
* * * LOW HITPOINT WARNING * * *
The scorpion closely misses you.
Unknown command.
Casting: Scorch (safe; 1% risk of failure)
Confirm with . or Enter, or press ? or * to list all spells.
Flames lash the scorpion.
The scorpion is burned terribly!
The scorpion is almost dead.
* * * LOW HITPOINT WARNING * * *
The scorpion closely misses you. The scorpion stings you.
* * * LOW HITPOINT WARNING * * *
Casting: Scorch (safe; 1% risk of failure)
Confirm with . or Enter, or press ? or * to list all spells.
Flames lash the scorpion.
The scorpion is burned terribly!
You kill the scorpion!
* * * LOW HITPOINT WARNING * * *
The scorpion stings you!
You die...

#. #. #.. #.
#..##. . #.....
#####.. .....
....... #. .?.
......>
.#...#†#s......
.......@.......
.##.####†......
....... ...(...
#...... ######


You could see a scorpion.

Vanquished Creatures
  An ice beast (D:4)
  A scorpion (D:5)
  A water moccasin skeleton (D:4)
  2 bullfrog skeletons
  2 centaur skeletons
  2 iguanas
  2 orc wizards
  6 adders
  2 dart slugs
  10 orcs
  2 ball pythons
  3 endoplasms (D:1)
  6 giant cockroaches
  8 hobgoblins
  4 jackals (D:3)
  4 quokkas
  5 bats
  4 frilled lizards
  7 goblins
  3 kobolds
  8 rats
83 creatures vanquished.

Vanquished Creatures (others)
  433 foxfires
433 creatures vanquished.

Grand Total: 516 creatures vanquished

Notes
Turn   | Place    | Note
-------+----------+-------------------------------------------
     0 | D:1      | 101zpm the Djinni Fire Elementalist began the quest for the
                  | Orb.
     0 | D:1      | Reached XP level 1. HP: 15/15 MP: 0/0
   249 | D:1      | Reached XP level 2. HP: 11/21 MP: 0/0
   862 | D:1      | Reached skill level 3 in Spellcasting
  1032 | D:1      | Found a faded altar of an unknown god.
  1035 | D:1      | Reached XP level 3. HP: 23/25 MP: 0/0
  1035 | D:1      | Learned a level 1 spell: Animate Skeleton
  2302 | D:2      | Reached XP level 4. HP: 28/31 MP: 0/0
  3297 | D:3      | Reached XP level 5. HP: 19/35 MP: 0/0
  3297 | D:3      | Learned a level 2 spell: Ensorcelled Hibernation
  3701 | D:3      | Reached skill level 4 in Spellcasting
  4882 | D:4      | Reached XP level 6. HP: 33/40 MP: 0/0
  5207 | D:4      | Noticed an ice beast
  5210 | D:4      | Killed an ice beast
  5348 | D:4      | Reached skill level 5 in Spellcasting
  5615 | D:4      | Reached XP level 7. HP: 42/45 MP: 0/0
  5615 | D:4      | Learned a level 3 spell: Lesser Beckoning
  5760 | D:5      | Entered Level 5 of the Dungeon
  5770 | D:5      | Slain by a scorpion

Illustrated notes

Levels and vault maps discovered:
D:1:      dpeg_arrival_shelter, layout_basic,
          shapermc_ecumenical_altar_starsandcircs
D:2:      layout_basic, hex_large, serial_park_tiny_pond
D:3:      layout_basic, dk_noncrumbling_2, kennysheep_small_spiral
D:4:      layout_cave_pools
D:5:      layout_basic, temple_fountains

Skill      XL: |  1  2  3  4  5  6 |
---------------+-------------------+-----
Spellcasting   | 3 4 5 |  5.5
Stealth        | 2 |  2.9
Dodging        | |  2.7

Action                   |  1- 3 |  4- 6 |  7- 9 || total
-------------------------+-------+-------+-------++-------
 Cast: Foxfire           |   100 |   158 |     9 ||   267
       Scorch            |     6 |    18 |    12 ||    36
       Animate Skeleton  |     1 |       |       ||     1
       Inner Flame       |       |     3 |       ||     3
Armor: Robe              |       |       |     1 ||     1
Dodge: Dodged            |     2 |     2 |     6 ||    10
